 Dungeon Crawl Stone Soup version 0.13.0 (webtiles) character file.

211 Antur the Changer (level 3, -1/18 HPs)
             Began as a Spriggan Transmuter on Oct 12, 2013.
             Slain by a giant gecko (4 damage)
             ... on Level 3 of the Dungeon.
             The game lasted 00:10:18 (2186 turns).

Antur the Changer (Spriggan Transmuter)             Turns: 2186, Time: 00:10:19

HP  -1/18        AC  2     Str  6      XL: 3   Next: 78%
MP   5/8         EV 22     Int 15      God:
Gold 152         SH  0     Dex 21      Spells:  3 memorised,  2 levels left

Res.Fire  : . . .   See Invis. : +     - Unarmed
Res.Cold  : . . .   Warding    : .   c - melded +0 robe
Life Prot.: . . .   Conserve   : .   (shield currently unavailable)
Res.Poison: x       Res.Corr.  : .   (helmet currently unavailable)
Res.Elec. : .       Clarity    : .   (cloak currently unavailable)
Sust.Abil.: . .     Spirit.Shd : .   (gloves unavailable)
Res.Mut.  : .       Stasis     : .   (boots unavailable)
Res.Rott. : .       Flight     : .   (no amulet)
Saprovore : . . .                    (no ring)
                                     (no ring)

@: spider-form, quick, slightly resistant to hostile enchantments, fairly
stealthy
A: unfitting armour, see invisible, herbivore 3, (speed 0), slow metabolism 2
a: End Transformation


You were on level 3 of the Dungeon.
You were not hungry.
You were in spider-form.
You visited 1 branch of the dungeon, and saw 4 of its levels.

You collected 132 gold pieces.

Inventory:

Missiles
 b - 6 arrows
 q - 6 curare-tipped needles
Armour
 c - a +0 robe (melded)
Comestibles
 g - 2 bread rations
Scrolls
 i - a scroll of remove curse {unknown}
 k - a scroll of fear {unknown}
 m - 2 scrolls of identify {unknown}
 o - a scroll of enchant armour {unknown}
 p - a scroll of curse armour {unknown}
Potions
 a - a potion of porridge
 e - 3 potions of heal wounds {unknown}
 f - a potion of brilliance {unknown}
 j - 2 potions of slowing {unknown}
 n - a potion of speed {unknown}
 r - 2 potions of curing {unknown}
Books
 d - a book of Changes

   Spells                             Type                      Level
   *Beastly Appendage                 Transmutation                1
   *Sticks to Snakes                  Transmutation                2
   *Spider Form                       Transmutation/Poison         3
   Ice Form                           Ice/Transmutation            4
   Blade Hands                        Transmutation                5
 l - a book of Wizardry

   Spells                             Type                      Level
   Summon Elemental                   Summoning                    4
   Agony                              Necromancy                   5
   Force Lance                        Conjuration                  5
   Fireball                           Conjuration/Fire             5
   Haste                              Charms                       6
   Invisibility                       Hexes                        6


   Skills:
 + Level 1.1 Fighting
 + Level 3.3 Dodging
 + Level 0.9 Stealth
 + Level 2.8 Unarmed Combat
 + Level 3.1 Spellcasting
 * Level 4.0 Transmutations
 * Level 0.2 Poison Magic


You had 2 spell levels left.
You knew the following spells:

 Your Spells              Type           Power        Failure   Level  Hunger
a - Beastly Appendage     Trmt           ##....       14%         1    #......
b - Sticks to Snakes      Trmt           ##........   21%         2    ##.....
c - Spider Form           Trmt/Pois      #.........   52%         3    ###....


Dungeon Overview and Level Annotations

Branches:
Dungeon (4/27)
 Temple: D:4-7

Altars:
Okawaru

Annotations:
D:4 Eustachio; timbw's ghost, average MiBe


Innate Abilities, Weirdness & Mutations

You are tiny and cannot use many weapons and most armour.
You have supernaturally acute eyesight.
You are a herbivore.
((You cover ground extremely quickly.))*
You need consume almost no food.


Message History

* * * LOW HITPOINT WARNING * * *
Found a scroll labeled PHUC SCHAYTHUMN.
Found a green potion.
Eustachio comes into view.
He is wielding a falchion.
Eustachio shouts!
A giant gecko comes into view.
An adder comes into view.
There is a stone staircase leading up here.
You climb upwards.
A giant gecko and a skeleton come into view.
Found a scroll labeled WUODDU RYEH.
There is a stone staircase leading down here.
Casting: Spider Form
Confirm with . or Enter, or press ? or * to list all spells.
You turn into a venomous arachnid creature.
Your +0 robe melds into your body.
The giant gecko misses you.
You hit the giant gecko.
The giant gecko is poisoned.
The giant gecko is heavily wounded.
The giant gecko bites you.
You die...

###########
#............
#..........?..
#.............
#....z........
#.............#
#
#.....sl......#
#
#.............#
#
#.............
#####
######+#####.#
#.#.# # #.#.#
#.#.# #.#.#
#.#.# .
######.#.#


You could see a giant gecko and an orc skeleton (dormant).

Vanquished Creatures
  2 adders (D:3)
  A giant gecko (D:2)
  An ooze (D:3)
  An orc (D:3)
  A ball python (D:3)
  4 bats
  5 goblins
  4 hobgoblins
  7 giant newts
  2 kobolds
  3 rats (D:2)
31 creatures vanquished.

Vanquished Creatures (collateral kills)
  An adder (D:2)
  A giant cockroach (D:2)
  A goblin (D:2)
  A quokka (D:2)
4 creatures vanquished.

Grand Total: 35 creatures vanquished

Notes
Turn   | Place    | Note
--------------------------------------------------------------
     0 | D:1      | Antur, the Spriggan Transmuter, began the quest for the Orb.
     0 | D:1      | Reached XP level 1. HP: 10/10 MP: 2/2
   904 | D:2      | Reached XP level 2. HP: 14/14 MP: 5/5
   908 | D:2      | Learned a level 2 spell: Sticks to Snakes
   967 | D:2      | Reached skill level 1 in Fighting
  1624 | D:3      | Reached XP level 3. HP: 18/18 MP: 8/8
  1629 | D:3      | Learned a level 3 spell: Spider Form
  2030 | D:3      | Reached skill level 4 in Transmutations
  2168 | D:4      | Noticed timbw's ghost (average MiBe)
  2169 | D:4      | Found an iron altar of Okawaru.
  2180 | D:4      | Noticed Eustachio
  2186 | D:3      | Slain by a giant gecko

Action                   || total
-------------------------++-------
Melee: Unarmed           ||   107
 Cast: Beastly Appendage ||     9
       Sticks to Snakes  ||     6
       Spider Form       ||     5
 Stab: Sleeping          ||     2
